Map: Submarine LE

Players

MaxPax

  • Race: Protoss Protoss
  • Spawn Location: 5:00

SpeCial - Winner!

  • Race: Terran Terran
  • League: Master
  • Spawn Location: 11:00

Event: ASUS ROG Online 2020

VOD

Have the link to the VOD?

Description

Time

  • Played on: Nov. 27, 2020, 9:43 a.m.
  • Length: 7:09

All games in this series

Show
View Real Time Build Order
Export as new Build Order

MaxPax Protoss 

Build Orders:  

Get SALT Encoding   

  12  0:00  Probe  
  13  0:12  Probe  
  14  0:17  Pylon  
  14  0:24  Probe  
  15  0:35  Forge  
  15  0:39  Probe  
  16  0:53  Pylon  
  16  1:13  Photon Cannon x2  
  16  1:15  Probe  
  17  1:28  Gateway  
  17  1:30  Probe  
  18  1:42  Probe  
  19  1:55  Pylon  
  19  2:14  Photon Cannon x2  
  18  2:16  Photon Cannon  
  18  2:20  Photon Cannon  
  18  2:25  Photon Cannon  
  18  2:26  Photon Cannon  
  18  2:29  Zealot (Chrono Boost)  
  18  2:34  Probe  
  21  2:44  Assimilator  
  21  2:46  Probe  
  21  2:47  Photon Cannon  
  21  2:51  Photon Cannon  
  22  2:58  Probe  
  23  3:04  Assimilator, Cybernetics Core  
  23  3:08  Pylon  
  23  3:12  Zealot  
  25  3:13  Probe  
  26  3:25  Probe  
  27  3:31  Pylon  
  27  3:37  Adept (Chrono Boost)  
  29  3:43  Shield Battery  
  29  3:51  Shield Battery  
  29  4:00  Stargate  
  29  4:07  Adept  
  31  4:30  Shield Battery  
  31  4:36  Void Ray (Chrono Boost)  
  31  4:40  Shield Battery  
  33  5:03  Void Ray (Chrono Boost)  
  30  5:13  Shield Battery  
  34  5:20  Shield Battery  
  34  5:29  Shield Battery  
  34  5:31  Void Ray (Chrono Boost)  
Show
View Real Time Build Order
Export as new Build Order

SpeCial Terran - Winner!

Build Orders:  

Get SALT Encoding   

  12  0:00  SCV  
  13  0:12  SCV  
  14  0:17  Supply Depot  
  14  0:24  SCV  
  15  0:38  SCV  
  15  0:40  Barracks  
  16  0:44  Refinery  
  16  0:51  SCV  
  17  0:59  Barracks  
  17  1:03  SCV  
  18  1:10  Supply Depot  
  18  1:15  SCV  
  19  1:27  Marine  
  20  1:40  Orbital Command  
  20  1:45  Marine  
  20  1:48  Reaper  
  21  2:00  Supply Depot  
  21  2:05  Marine  
  21  2:06  SCV  
  23  2:21  Marine  
  24  2:24  SCV  
  24  2:25  Supply Depot  
  25  2:35  Marine  
  25  2:36  SCV  
  27  2:39  Marine  
  28  2:50  SCV  
  29  2:51  Factory  
  29  2:52  Marine  
  29  2:53  Supply Depot  
  29  2:57  Refinery, Marine  
  31  3:14  SCV  
  31  3:16  Supply Depot  
  32  3:25  Marine x2  
  32  3:26  SCV  
  35  3:36  Factory Tech Lab, Starport  
  35  3:38  Supply Depot, SCV  
  36  3:43  Marine x2  
  38  3:55  Cyclone  
  41  3:57  Supply Depot  
  41  4:00  Marine  
  41  4:01  Supply Depot, Marine  
  42  4:12  Medivac  
  42  4:14  Engineering Bay  
  44  4:18  Marine  
  44  4:23  Bunker  
  44  4:33  Cyclone  
  44  4:35  Bunker  
  47  4:39  Marine x2  
  47  4:43  SCV  
  49  4:48  Viking  
  48  4:55  SCV  
  48  4:57  Marine x2  
  51  5:08  Cyclone  
  51  5:13  SCV  
  55  5:19  Viking  
  53  5:29  Marine  
  54  5:40  Marine  
  54  5:46  Cyclone  
  54  5:47  Marine  
  53  5:57  Missile Turret  
  53  5:58  Marine  
  54  6:07  Missile Turret, SCV  
  55  6:14  Marine  
  50  6:18  Cyclone  
  53  6:27  Marine  
  53  6:32  Marine  
  55  6:33  SCV  
  55  6:39  Supply Depot  
  56  6:45  Marine  
  56  6:50  Marine  
  56  6:51  SCV  
Tags
 
Add a new tag
Caveats
  • Supply blocks, unpowered buildings, or Contaminate may cause inaccurate times.
  • Supply counts are checked every 10 seconds.